 Dungeon Crawl Stone Soup version 0.18.1-8-gdd0e5ea (webtiles) character file.

87 Shearov the Covered (level 4, -2/40 HPs)
             Began as a Hill Orc Fighter on June 1, 2016.
             Slain by a centaur (7 damage)
             ... on level 3 of the Dungeon.
             The game lasted 00:04:08 (1742 turns).

Shearov the Covered (Hill Orc Fighter)              Turns: 1742, Time: 00:04:09

Health: -2/40      AC: 14    Str: 19    XL:     4   Next: 51%
Magic:  4/4        EV:  3    Int:  8    God:
Gold:   84         SH:  9    Dex: 10    Spells: 0 memorised, 3 levels left

rFire  . . .     SeeInvis .     a - +0 war axe
rCold  . . .     Gourm    .     i - +0 plate armour
rNeg   . . .     Faith    .     c - +0 shield
rPois  .         Spirit   .     (no helmet)
rElec  .         Dismiss  .     l - +0 cloak
rCorr  .         Reflect  .     (no gloves)
SustAt .         Harm     .     p - +0 pair of boots
MR     .....                    (no amulet)
Stlth  ..........               (no ring)
                                (no ring)

@: not resistant to hostile enchantments, extremely unstealthy
A: no striking features
a: no special abilities


You were on level 3 of the Dungeon.
You were not hungry.

You visited 1 branch of the dungeon, and saw 3 of its levels.

You collected 84 gold pieces.

Inventory:

Hand Weapons
 a - a +0 war axe (weapon)
Armour
 b - a +0 scale mail
 c - a +0 shield (worn)
 i - a +0 plate armour (worn)
 l - a +0 cloak (worn)
 m - a +0 pair of boots
 p - a +0 pair of boots (worn)
Jewellery
 k - a cursed ring of see invisible {unknown}
Scrolls
 h - 2 scrolls of remove curse {unknown}
 o - a scroll of random uselessness {unknown}
 q - a scroll of identify {unknown}
 s - a scroll of fear {unknown}
 t - a scroll of amnesia {unknown}
Potions
 d - a potion of might
 e - a potion of curing
 g - a potion of heal wounds {unknown}
 j - a potion of haste {unknown}
Comestibles
 f - 6 bread rations
 n - 2 meat rations
 r - a beef jerky
 u - 3 fruits


   Skills:
 * Level 4.1 Fighting
 * Level 3.5 Axes
 * Level 4.2 Armour
 + Level 0.4 Dodging
 + Level 4.0 Shields


You had 3 spell levels left.
You didn't know any spells.

Dungeon Overview and Level Annotations

Branches:
Dungeon (3/15)

Altars:
Dithmenos
Ru

Annotations:
D:3 Grinder


Message History

You writhe in agony.
* * * LOW HITPOINT WARNING * * *
Drink which item? (? for menu, Esc to quit)
It was a potion of curing.
You feel better. You block the centaur's attack.
Grinder hits you but does no damage.
Drink which item? (? for menu, Esc to quit)
You feel better. The centaur hits you.
The centaur hits you but does no damage.
Grinder hits you.
* * * LOW HITPOINT WARNING * * *
You writhe in agony.
* * * LOW HITPOINT WARNING * * *
Your shield and plate armour prevent you from hitting Grinder.
Grinder is lightly wounded.
You hit the centaur but do no damage. The centaur barely misses you.
You block Grinder's attack.
The centaur hits you but does no damage.
The hobgoblin hits you but does no damage.
The centaur hits you!
You die...

#..# #.# ..# #..### #.#
#.# #....# #.# ## #.#
##.#.# #.# . #.# #.#.# #.#
# ##. #.# #.#.###.###
#.#..##.# #.....>.##.
##......g########...####..
.......†c@.............'..
#......((5#######...####..
#.##..###.# #...## ##. ##.
#.# #.### ## # #.# #.# #
#.# #.# #.# #.# ####
..######.######...
###<........##.##


You could see Grinder, a centaur and a hobgoblin.

Vanquished Creatures
  2 adders
  An ooze (D:1)
  2 worms (D:2)
  2 giant geckos
  An orc (D:3)
  3 bats
  2 giant cockroaches (D:2)
  7 goblins
  12 hobgoblins
  3 jackals (D:2)
  7 kobolds
  2 ball pythons
  A giant newt (D:1)
  7 rats
52 creatures vanquished.

Notes
Turn   | Place    | Note
--------------------------------------------------------------
     0 | D:1      | Shearov the Hill Orc Fighter began the quest for the Orb.
     0 | D:1      | Reached XP level 1. HP: 19/19 MP: 1/1
    90 | D:1      | Reached XP level 2. HP: 26/27 MP: 2/2
   585 | D:1      | Reached XP level 3. HP: 30/33 MP: 3/3
   992 | D:2      | Reached XP level 4. HP: 40/40 MP: 4/4
  1623 | D:3      | Found a shadowy altar of Dithmenos.
  1690 | D:3      | Found a sacrificial altar of Ru.
  1729 | D:3      | Noticed Grinder
  1734 | D:3      | Noticed a centaur
  1742 | D:3      | Slain by a centaur

Skill      XL: |  1  2  3 |
---------------+----------+-----
Axes           | 3 |  3.5
Fighting       | 4 |  4.1
Shields        | 4 |  4.0
Armour         | 4 |  4.2
Dodging        | |  0.4

Action                   |  1- 3 |  4- 6 || total
-------------------------+-------+-------++-------
Melee: War axe           |   133 |    68 ||   201
  Use: Potion            |       |     2 ||     2
  Eat: Chunk             |     1 |     2 ||     3
Armor: Scale mail        |    25 |       ||    25
       Plate armour      |    54 |    59 ||   113
Dodge: Dodged            |    33 |     8 ||    41
Block: Shield            |    74 |    37 ||   111
